 Dungeon Crawl Stone Soup version 0.29-a0-982-gaed3a0c8d8 (webtiles) character file.

Game seed: 10789123067216713843

175 Newt the Ruffian (level 5, 0/40 HPs)
             Began as a Draconian Transmuter on Aug 1, 2022.
             Was an Initiate of Qazlal.
             Slain by a gnoll
             ... wielding a +0 spear
              (5 damage)
             ... on level 4 of the Dungeon.
             The game lasted 00:08:06 (3147 turns).

Newt the Ruffian (Draconian Transmuter)             Turns: 3147, Time: 00:08:06

Health: 0/40       AC:  5    Str: 14    XL:     5   Next: 29%
Magic:  7/9        EV: 12    Int: 19    God:    Qazlal [......]
Gold:   157        SH:  0    Dex: 12    Spells: 6/9 levels left

rFire   . . .      SeeInvis .     - Unarmed
rCold   + . .      Faith    .   (no shield)
rNeg    . . .      Spirit   .   (body armour unavailable)
rPois   .          Reflect  .   (helmet currently unavailable)
rElec   .          Harm     .   (no cloak)
rCorr   .          Rampage  .   (no gloves)
Will    .....                   (boots currently unavailable)
Stlth   +.........              (no amulet)
HPRegen 0.13/turn               c - ring of protection from cold
MPRegen 0.11/turn               h - +6 ring of intelligence

@: appendages, wereblooded
A: horns 2, talons 2, AC +5, unfitting armour, cold-blooded
a: End Transformation, Renounce Religion


You were on level 4 of the Dungeon.
You worshipped Qazlal.
Qazlal was noncommittal.
You had temporarily grown beastly horns and talons.
You visited 1 branch of the dungeon, and saw 5 of its levels.

You collected 157 gold pieces.

Inventory:

Armour
 j - a +0 helmet
Jewellery
 c - a ring of protection from cold (left hand)
 d - a ring of poison resistance
 h - a +6 ring of intelligence (right hand)
Scrolls
 k - a scroll of immolation {unknown}
 o - a scroll of enchant weapon {unknown}
 p - a scroll of enchant armour
 q - a scroll of silence {unknown}
Potions
 a - 2 potions of lignification
 b - a potion of might {unknown}
 e - 2 potions of attraction {unknown}
 f - a potion of mutation {unknown}
 g - 2 potions of haste {unknown}
 i - 2 potions of curing
 l - 3 potions of heal wounds
 m - a potion of brilliance {unknown}
 n - a potion of flight {unknown}


   Skills:
 + Level 1.5 Fighting
 + Level 2.2 Dodging
 + Level 0.5 Stealth
 + Level 4.5 Unarmed Combat
 + Level 2.8 Spellcasting
 + Level 3.1 Transmutations


You had 6 spell levels left.
You knew the following spells:

 Your Spells              Type           Power      Damage    Failure   Level
a - Beastly Appendage     Tmut           28%        N/A       4%          1
b - Wereblood             Tmut           14%        N/A       6%          2

Your spell library contained the following spells:

 Spells                   Type           Power      Damage    Failure   Level
 Spider Form              Tmut/Pois      8%         N/A       24%         3
 Confusing Touch          Hex            2%         N/A       43%         3
 Ice Form                 Ice/Tmut       8%         N/A       63%         4
 Yara's Violent Unravell  Hex/Tmut       4%         3d4       92%         5
 Enfeeble                 Hex            1%         N/A       100%        7


Dungeon Overview and Level Annotations

Branches:
Dungeon (5/15)
 Temple: D:4-7

Altars:
Qazlal
Ru
Wu Jian

Shops:
D:4 :


Innate Abilities, Weirdness & Mutations

You have temporarily grown beastly horns and talons.
Your plain brown scales are hard. (AC +5)
You cannot fit into any form of body armour.
You are cold-blooded and may be slowed by cold attacks.


Message History

Confirm with . or Enter, or press ? or * to list all spells.
You grow a pair of large bovine horns.
Your feet morph into talons.
The gnoll misses you.
Casting: Beastly Appendage (safe; 4% risk of failure)
Confirm with . or Enter, or press ? or * to list all spells.
You don't know that spell.
Casting: Beastly Appendage (safe; 4% risk of failure)
Confirm with . or Enter, or press ? or * to list all spells.
Your blood is infused with primal strength.
The gnoll closely misses you.
An orc comes into view. It is wielding a +0 short sword.
The gnoll hits you with a +0 halberd.
The gnoll shouts!
You hit the gnoll. You claw the gnoll. Your headbutt misses the gnoll.
The gnoll is moderately wounded.
You hear a shout! x2
You closely miss the gnoll. Your kick misses the gnoll.
The gnoll is moderately wounded.
The gnoll hits you from afar with a +0 spear.
The gnoll closely misses you.
You hit the gnoll.
The gnoll is moderately wounded.
The gnoll barely misses you. The gnoll closely misses you.
You closely miss the gnoll.
The gnoll is moderately wounded.
The gnoll barely misses you. The gnoll completely misses you.
You hit the gnoll. You claw the gnoll.
The gnoll is almost dead.
The gnoll barely misses you. The gnoll hits you with a +0 halberd!
* * * LOW HITPOINT WARNING * * *
An orc comes into view. It is wielding a +0 war axe.
You hit the gnoll but do no damage. Your kick misses the gnoll.
The gnoll is almost dead.
The gnoll closely misses you. The gnoll hits you with a +0 halberd.
* * * LOW HITPOINT WARNING * * *
You closely miss the gnoll. You claw the gnoll.
You feel a bit better.
You kill the gnoll!
Qazlal accepts your kill.
The gnoll hits you from afar with a +0 spear.
You die...

#.).## #.)))# ###..##
##....# ##.....##### #####
##......##..###...#
#......##...##....#
##.....##.........#
..............##@##
##.8...##....###)#
#...#.........ggo......##.#
.....#.##..g...............#
............#..............#
.8.8.8.....................#
..........##..............#
...8...#..#...............##
...............#


You could see 2 gnolls and an orc.

Vanquished Creatures
  An orc priest (D:4)
  An iguana (D:4)
  A hound skeleton (D:3)
  A gnoll (D:4)
  4 adders
  An ufetubus (D:3)
  An adder zombie (D:3)
  2 worms (D:3)
  2 dart slugs
  4 orcs (D:4)
  5 ball pythons
  A bat (D:1)
  5 endoplasms
  2 giant cockroaches
  6 hobgoblins
  3 kobolds
  2 quokkas
  5 goblins
  5 rats
52 creatures vanquished.

Vanquished Creatures (others)
  A plant (D:1)
  2 withered plants (D:3)
3 creatures vanquished.

Grand Total: 55 creatures vanquished

Notes
Turn   | Place    | Note
-------+----------+-------------------------------------------
     0 | D:1      | Newt the Draconian Transmuter began the quest for the Orb.
     0 | D:1      | Reached XP level 1. HP: 16/16 MP: 3/3
   468 | D:1      | Reached XP level 2. HP: 19/23 MP: 5/5
  1030 | D:2      | Learned a level 2 spell: Wereblood
  1475 | D:2      | Reached XP level 3. HP: 23/28 MP: 4/6
  2247 | D:3      | Found an ornate altar of the Wu Jian Council.
  2279 | D:3      | Reached skill level 4 in Unarmed Combat
  2420 | D:3      | Reached XP level 4. HP: 33/35 MP: 7/7
  2625 | D:4      | Found Nier's Vocational Training.
  2645 | D:4      | Noticed a scorpion
  2656 | D:5      | Entered Level 5 of the Dungeon
  2795 | D:5      | Noticed a water moccasin
  2865 | D:4      | Found a stormy altar of Qazlal.
  2882 | D:4      | Became a worshipper of Qazlal Stormbringer
  3048 | D:4      | Reached XP level 5. HP: 39/40 MP: 8/8
  3050 | D:4      | Found a sacrificial altar of Ru.
  3147 | D:4      | Slain by a gnoll

Illustrated notes

Levels and vault maps discovered:
D:1:      co_arrival_hexagon_in_a_hexagon, layout_loops_ring
D:2:      layout_loops_ring, due_unseen_surprise
D:3:      layout_rooms, mainiacjoe_overflow_surrounded_room,
          hellmonk_ecumenical_altar_crossroads, serial_undead, serial_undead_a,
          serial_undead_e, serial_undead_e, serial_undead_e, serial_undead_b,
          serial_undead_e, serial_undead_f
D:4:      layout_cave_pools, mainiacjoe_overflow_cross_hatched,
          lemuel_doored_altar, tso_altar, serial_column_ruins, column_ruins_hut,
          column_ruins_circle_large, column_ruins_open_small,
          column_ruins_open_tiny, column_ruins_columns_plus,
          column_ruins_grid_3, column_ruins_grid_3,
          column_ruins_corridor_corner, nicolae_shop_vocational
D:5:      minmay_skewed_foursquare, layout_basic, temple_fountains,
          minmay_misc_feat_doors, minmay_misc_feat_iff, uniq_sigmund

Skill      XL: |  1  2  3  4 |
---------------+-------------+-----
Dodging        | 2 |  2.2
Unarmed Combat | 4 |  4.5
Transmutations | 3 |  3.1
Fighting       | |  1.5
Stealth        | |  0.5
Spellcasting   | |  2.8

Action                   |  1- 3 |  4- 6 || total
-------------------------+-------+-------++-------
Melee: Unarmed           |   120 |    65 ||   185
       Tailslap          |    22 |     7 ||    29
       Kick              |    18 |    15 ||    33
       Headbutt          |     6 |     4 ||    10
       Punch             |     4 |     2 ||     6
 Cast: Beastly Appendage |    12 |    12 ||    24
       Wereblood         |     2 |     4 ||     6
  Use: Scroll            |     5 |     4 ||     9
 Stab: Sleeping          |     1 |       ||     1
Armor: Skin              |    27 |    21 ||    48
Dodge: Dodged            |    69 |    51 ||   120

Table legend: (Time is in decaauts)
 A = Elapsed time spent in this place.
 B = Non-inter-level travel time spent in this place.
 C = Inter-level travel time spent in this place.
 D = Time resting spent in this place.
 E = Time spent auto-exploring this place.
 F = Levels seen in this place.
 G = Mean time per level.
                   A        B        C        D        E       F      G
               +--------+--------+--------+--------+--------+-----+--------+
         Total |   3135 |   3117 |     18 |    209 |   2261 |   5 |  627.0 |
       Dungeon |   3135 |   3117 |     18 |    209 |   2261 |   5 |  627.0 |
               +--------+--------+--------+--------+--------+-----+--------+

Top non-repeatable levels by time:
     D:2: 1081 daAuts
     D:1: 1023 daAuts
     D:3: 457 daAuts
     D:4: 424 daAuts
     D:5: 149 daAuts
